 Dungeon Crawl Stone Soup version 0.29.0-11-gd7f09526c8 (webtiles) character file.

Game seed: 3859705050511190508

58 greasedhog the Sneak (level 4, 0/24 HPs)
             Began as a Kobold Hedge Wizard on Sept 6, 2022.
             Slain by a jackal (1 damage)
             ... on level 3 of the Dungeon.
             The game lasted 00:03:07 (2224 turns).

greasedhog the Sneak (Kobold Hedge Wizard)          Turns: 2224, Time: 00:03:08

Health: 0/24       AC:  3    Str:  7    XL:     4   Next: 20%
Magic:  7/9        EV: 14    Int: 17    God:
Gold:   125        SH:  4    Dex: 14    Spells: 7/10 levels left

rFire   . . .      SeeInvis .   a - +0 dagger
rCold   . . .      Faith    .   f - +0 buckler
rNeg    . . .      Spirit   .   b - +0 robe
rPois   .          Reflect  .   c - +0 hat
rElec   .          Harm     .   (no cloak)
rCorr   .          Rampage  .   (no gloves)
Will    .....                   l - +0 pair of boots
Stlth   ++++......              (no amulet)
HPRegen 0.08/turn               (no ring)
MPRegen 0.11/turn               (no ring)

@: no status effects
A: small, no large weapons, nightstalker 3
a: no special abilities


You were on level 3 of the Dungeon.
You visited 1 branch of the dungeon, and saw 3 of its levels.

You collected 125 gold pieces.

Inventory:

Hand Weapons
 a - a +0 dagger (weapon)
Armour
 b - a +0 robe (worn)
 c - a +0 hat (worn)
 f - a +0 buckler (worn)
 l - a +0 pair of boots (worn)
Scrolls
 e - 2 scrolls of enchant armour
 g - a scroll of summoning
 h - 3 scrolls of teleportation
 n - a scroll of brand weapon
Potions
 d - a potion of magic
 i - a potion of lignification
 j - a potion of attraction
 m - a potion of resistance {unknown}


   Skills:
 - Level 2.4 Dodging
 * Level 4.0 Stealth
 * Level 3.9 Spellcasting
 - Level 1.0 Conjurations
 * Level 2.2 Summonings
 - Level 1.0 Translocations


You had 7 spell levels left.
You knew the following spells:

 Your Spells              Type           Power      Damage    Failure   Level
a - Magic Dart            Conj           24%        1d4       17%         1
b - Call Imp              Summ           10%        N/A       16%         2

Your spell library contained the following spells:

 Spells                   Type           Power      Damage    Failure   Level
 Slow                     Hex            12%        N/A       26%         1
 Blink                    Tloc           12%        N/A       26%         2
 Searing Ray              Conj           12%        2d4       26%         2
 Conjure Flame            Conj/Fire      5%         6-21      52%         3
 Mephitic Cloud           Conj/Pois/Air  4%         N/A       54%         3
 Confusing Touch          Hex            3%         N/A       58%         3
 Ozocubu's Armour         Ice            3%         N/A       58%         3
 Vampiric Draining        Necr           3%         2d6       58%         3
 Fulminant Prism          Conj/Hex       2%         3d6       90%         4
 Ozocubu's Refrigeration  Ice            1%         4d7       100%        7


Dungeon Overview and Level Annotations

Branches:
Dungeon (3/15)

Altars:


Innate Abilities, Weirdness & Mutations

You are small and have problems with some larger weapons.
You are completely attuned to the shadows.


Message History

* * * LOW HITPOINT WARNING * * *
You feel sick. The jackal completely misses you. The jackal closely misses you.
The jackal barely misses you.
Your crimson imp blinks!
The goblin barely misses you.
You hit the jackal.
The jackal is heavily wounded.
You feel sick.
The jackal barely misses you. x2; The jackal misses you.
The adder misses you. The goblin barely misses you.
The jackal closely misses you.
The jackal bites you but does no damage.
You block the jackal's attack.
You closely miss the jackal.
The jackal is heavily wounded.
You feel sick.
You are no longer poisoned.
The adder bites you.
* * * LOW HITPOINT WARNING * * *
The jackal bites you but does no damage.
You block the jackal's attack.
The jackal bites you but does no damage.
Your crimson imp hits the goblin.
The goblin closely misses you.
You barely miss the jackal.
The jackal is heavily wounded.
The jackal barely misses you.
The jackal bites you but does no damage.
The jackal closely misses you. The adder closely misses you.
Your crimson imp hits the goblin.
The goblin dies!
The jackal misses you. The jackal closely misses you.
The adder bites you but does no damage. The jackal closely misses you.
You hit the jackal.
The jackal is severely wounded.
The jackal barely misses you. The jackal completely misses you.
The jackal misses you.
Your crimson imp hits the jackal.
The adder barely misses you.
You barely miss the jackal.
The jackal is severely wounded.
You block the jackal's attack. The jackal bites you.
You die...

..[ ...# ...
.... ...
....##.#
#......######
..##......#..
#.....S....
.##....@ho...
......h)h....
.......5.....
.............
.............
.............
..........#..
.........#..
.........#.#


You could see an adder, an orc, 3 jackals and a friendly crimson imp (summoned).

Vanquished Creatures
  An adder (D:2)
  A gnoll (D:1)
  A dart slug (D:1)
  2 ball pythons
  4 bats
  4 endoplasms
  2 goblins
  4 hobgoblins
  4 kobolds
  A quokka (D:2)
  6 rats (D:2)
30 creatures vanquished.

Vanquished Creatures (collateral kills)
  A giant cockroach (D:2)
  A goblin (D:3)
  A hobgoblin (D:1)
  A ball python (D:1)
4 creatures vanquished.

Grand Total: 34 creatures vanquished

Notes
Turn   | Place    | Note
-------+----------+-------------------------------------------
     0 | D:1      | greasedhog the Kobold Hedge Wizard began the quest for the
                  | Orb.
     0 | D:1      | Reached XP level 1. HP: 10/10 MP: 4/4
    98 | D:1      | Reached skill level 3 in Stealth
    98 | D:1      | Reached XP level 2. HP: 10/15 MP: 3/6
   195 | D:1      | Learned a level 2 spell: Call Imp
   421 | D:1      | Reached XP level 3. HP: 18/19 MP: 1/8
  1248 | D:2      | Found a faded altar of an unknown god.
  1585 | D:2      | Reached XP level 4. HP: 24/24 MP: 3/9
  2060 | D:2      | Reached skill level 4 in Stealth
  2221 | D:3      | HP: 1/24 [adder (1)]
  2224 | D:3      | Slain by a jackal

Illustrated notes

Levels and vault maps discovered:
D:1:      roderic_dead_forest, layout_basic
D:2:      kennysheep_six_static_rooms, layout_rooms, basic_ecumenical_altar
D:3:      layout_rooms, mainiacjoe_overflow_small_starburst,
          nicolae_ru_path_of_blood, nicolae_concentric_dashed_squares_wild,
          minivault_5, kennysheep_generic_room_5

Skill      XL: |  1  2  3  4 |
---------------+-------------+-----
Stealth        | 3 4 |  4.0
Summonings     | 2 |  2.2
Dodging        | |  2.4
Spellcasting   | |  3.9
Conjurations   | |  1.0
Translocations | |  1.0

Action                   |  1- 3 |  4- 6 || total
-------------------------+-------+-------++-------
Melee: Dagger            |    42 |    14 ||    56
 Cast: Magic Dart        |    23 |    15 ||    38
       Call Imp          |     5 |     1 ||     6
  Use: Potion            |     2 |       ||     2
       Scroll            |     1 |     5 ||     6
 Stab: Sleeping          |     9 |       ||     9
Armor: Robe              |     6 |    12 ||    18
Dodge: Dodged            |    30 |    56 ||    86
Block: Buckler           |    16 |    16 ||    32
